 Dungeon Crawl Stone Soup version 0.31-a0-167-g1c394c0614 (webtiles) character file.

Game seed: 15595478538659737103

2052 greynaab the Basher (level 9, -2/48 HPs)
             Began as a Gargoyle Warper on June 14, 2023.
             Slain by an orc wizard
             ... wielding a +3 dagger
              (5 damage)
             ... on level 7 of the Dungeon.
             The game lasted 00:13:33 (4922 turns).

greynaab the Basher (Gargoyle Warper)               Turns: 4922, Time: 00:13:34

Health: -2/48      AC: 12    Str: 18 (19) XL:     9   Next: 25%
Magic:  12/12      EV: 11    Int: 13 (14) God:
Gold:   400        SH:  0    Dex:  8 (9)  Spells: 10/12 levels left

rFire   . . .        a - +2 whip (elec)
rCold   . . .        (no shield)
rNeg    + . .        e - +0 troll leather armour {Pargi}
rPois   ∞            o - +0 helmet
rElec   +            D - +0 cloak
rCorr   .            (no gloves)
SInv    +            (no boots)
Will    +....        (no amulet)
Stlth   +            j - ring of see invisible
HPRegen 1.08/turn    B - ring of willpower
MPRegen 0.13/turn

%: no passive effects
@: brilliant
A: sickness immunity, AC +6, negative energy resistance 1, electricity
resistance, torment resistance 1, petrification resistance
a: no special abilities


You were on level 7 of the Dungeon.
You visited 1 branch of the dungeon, and saw 7 of its levels.
You also visited: Ossuary.

You collected 400 gold pieces.

Inventory:

Hand Weapons
 a - a +2 whip of electrocution (weapon)
 b - a +2 flail of venom
 l - a +2 whip of venom
Missiles
 d - 6 boomerangs of dispersal
 r - 3 curare-tipped darts
 t - 2 throwing nets
 K - 11 poisoned darts (quivered)
Armour
 e - a +0 troll leather armour (worn) {Pargi}
 o - a +0 helmet (worn)
 p - a +0 chain mail of fire resistance
 w - an orb of energy
 D - a +0 cloak (worn)
Jewellery
 j - a ring of see invisible (left hand)
 n - a ring of magical power
 v - a ring of fire
 B - a ring of willpower (right hand)
Scrolls
 c - a scroll of blinking
 f - 3 scrolls of vulnerability
 g - 2 scrolls of enchant weapon
 m - a scroll of brand weapon
 u - 2 scrolls of amnesia
 x - 3 scrolls of teleportation
 y - 2 scrolls of immolation
 C - a scroll of summoning
 E - 2 scrolls of torment
 G - a scroll of revelation {unknown}
 I - a scroll of fog
 M - a scroll of identify
 N - a scroll of fear {unknown}
 P - 2 scrolls of poison {unknown}
Potions
 h - a potion of magic
 i - 2 potions of lignification
 k - 2 potions of ambrosia
 q - 3 potions of resistance
 s - 3 potions of curing
 z - a potion of mutation
 A - 2 potions of enlightenment
 L - a potion of heal wounds {unknown}
 O - a potion of might {unknown}


   Skills:
 - Level 2.1 Fighting
 + Level 12.0 Maces & Flails
 - Level 0.8 Throwing
 - Level 1.1 Armour
 - Level 1.5 Dodging
 - Level 2.0 Spellcasting
 - Level 2.6 Translocations


You had 10 spell levels left.
You knew the following spells:

 Your Spells              Type           Power      Damage    Failure   Level
a - Blink                 Tloc           24%        N/A       16%         2

Your spell library contained the following spells:

 Spells                   Type           Power      Damage    Failure   Level
 Lesser Beckoning         Tloc           24%        N/A       16%         2
 Beastly Appendage        Tmut           2%         N/A       30%         1
 Teleport Other           Tloc           12%        N/A       30%         3
 Scorch                   Fire           2%         2d5       41%         2
 Wereblood                Tmut           1%         N/A       41%         2
 Vhi's Electric Charge    Tloc/Air       14%        N/A       45%         3
 Volatile Blastmotes      Fire/Tloc      14%        2d11      45%         3
 Inner Flame              Hex/Fire       1%         N/A       65%         3
 Spider Form              Tmut/Pois      1%         N/A       65%         3
 Manifold Assault         Tloc           12%        N/A       69%         4
 Iskenderun's Mystic Bla  Conj/Tloc      7%         2d4       86%         4
 Flame Wave               Conj/Fire      1%         2d4       96%         4
 Fulminant Prism          Conj/Hex       0%         3d5       96%         4
 Lee's Rapid Deconstruct  Erth           0%         3d4*      100%        5
 Yara's Violent Unravell  Hex/Tmut       0%         3d3       100%        5
 Summon Cactus Giant      Summ           0%         N/A       100%        6
 Enfeeble                 Hex            0%         N/A       100%        7


Dungeon Overview and Level Annotations

Branches:
Dungeon (7/15) Zot: 26438  Temple (0/1) D:7         Ossuary (visited)

Altars:
Fedhas
Qazlal
Trog
Uskayaw
Zin

Shops:
D:3 =   D:7 [


Innate Abilities, Weirdness & Mutations

You are immune to sickness and miasma.
Your stone body is resilient. (AC +6)
You are immune to poison.
You resist negative energy. (rN+)
You are resistant to electric shocks. (rElec)
You are resistant to unholy torment.
You are immune to petrification.


Message History

* * * LOW HITPOINT WARNING * * *
You whack the orc priest!
Lightning courses through the orc priest!!
You kill the orc priest!
Your Maces & Flails skill increases to level 12!
You barely miss the orc warrior.
The orc warrior hits you with a +0 dire flail.
* * * LOW HITPOINT WARNING * * *
The orc wizard hits you but does no damage.
You closely miss the orc warrior. Your punch misses the orc warrior.
Unknown command.
It was a potion of enlightenment.
Your roots keep you in place.
The orc wizard hits you but does no damage. x2
The orc warrior hits you but does no damage.
It was a potion of magic.
Magic courses through your body.
The orc wizard hits you but does no damage. x2
The orc warrior hits you but does no damage.
It was a potion of degeneration.
There was something very wrong with that liquid.
You feel weakened.
You feel dopey.
You feel clumsy.
The orc wizard hits you but does no damage.
The orc wizard points at you and mumbles some strange words.
The magic dart hits you but does no damage.
The orc warrior hits you but does no damage.
It was a potion of cancellation.
Your magical effects are unravelling.
You feel magically purged.
You feel less wooden.
Your +0 cloak unmelds from your body.
Your +0 helmet unmelds from your body.
Your +0 troll leather armour {Pargi} unmelds from your body.
Your enlightenment fades.
The orc wizard hits you with a +3 dagger.
* * * LOW HITPOINT WARNING * * *
The orc wizard hits you but does no damage.
The orc warrior hits you with a +0 dire flail!
* * * LOW HITPOINT WARNING * * *
It was a potion of brilliance.
You feel clever all of a sudden.
The orc wizard hits you with a +3 dagger.
You die...

.#
#.#.###########...##.P..P#
.# #.#.# #......#.....###
.###.#<## #.# #)..###.##
......÷.# #.# ##o## ...##
..##.#..### #.#
##)##.....#
..........###.#
#..)...)....
..##..........##
#..##.....###
..##.##.#.##...###..#
...##
.....##.#.##.#..@o..# .##
#.......#.##....oo.......#
#########..........######
############


You could see an orc warrior and 2 orc wizards.

Vanquished Creatures
  A wraith (Ossuary)
  Menkaure (D:4)
  2 water moccasins (D:7)
  Pargi (D:4)
  2 black bears
  An ice beast (D:7)
  An ogre (D:5)
  A centaur (D:5)
  A phantom (D:5)
  2 kobold brigands (D:6)
  A gnoll sergeant (D:7)
  2 scorpions (D:5)
  3 howler monkeys (D:7)
  A jelly (D:6)
  3 orc priests
  A gnoll bouda (D:4)
  A hound (D:5)
  An orc wizard (D:5)
  A mummy (Ossuary)
  11 gnolls
  5 adders
  2 shadow imps
  2 white imps
  2 ufetubi (D:6)
  A worm (D:2)
  2 dart slugs
  21 orcs
  3 bats
  9 endoplasms
  3 giant cockroaches
  A goblin (D:1)
  8 hobgoblins
  4 jackals (D:1)
  3 quokkas
  7 ball pythons
  4 frilled lizards
  7 gnoll skeletons (Ossuary)
  18 kobolds
  6 kobold skeletons (Ossuary)
  12 orc skeletons (Ossuary)
  3 rats (D:3)
161 creatures vanquished.

Notes
Turn   | Place    | Note
-------+----------+-------------------------------------------
     0 | D:1      | greynaab the Gargoyle Warper began the quest for the Orb.
     0 | D:1      | Reached XP level 1. HP: 12/12 MP: 3/3
   121 | D:1      | Reached XP level 2. HP: 17/17 MP: 5/5
   152 | D:1      | Reached skill level 3 in Maces & Flails
   255 | D:1      | Reached XP level 3. HP: 21/21 MP: 6/6
   780 | D:2      | Found a faded altar of an unknown god.
   835 | D:2      | Learned a level 2 spell: Blink
  1373 | D:3      | Reached skill level 4 in Maces & Flails
  1375 | D:3      | Found a blossoming altar of Fedhas.
  1586 | D:3      | Found Hadd's Jewellery Emporium.
  1635 | D:3      | Reached XP level 4. HP: 21/26 MP: 7/7
  1955 | D:3      | Found a stormy altar of Qazlal.
  1957 | D:3      | Found a glowing silver altar of Zin.
  2327 | D:4      | Reached skill level 5 in Maces & Flails
  2340 | D:4      | Noticed Pargi
  2354 | D:4      | Reached XP level 5. HP: 30/30 MP: 8/8
  2360 | D:4      | Killed Pargi
  2361 | D:4      | Reached skill level 6 in Maces & Flails
  2479 | D:4      | Reached XP level 6. HP: 35/35 MP: 9/9
  2584 | D:4      | Noticed Menkaure
  2595 | D:4      | Killed Menkaure
  2810 | D:5      | Entered Level 5 of the Dungeon
  2817 | D:5      | Reached skill level 7 in Maces & Flails
  2824 | D:5      | Reached XP level 7. HP: 18/40 MP: 10/10
  2925 | D:5      | Reached skill level 8 in Maces & Flails
  3081 | D:5      | Noticed a +0 dagger
  3081 | D:5      | Noticed a +4 hand axe
  3082 | D:5      | Found a hide-covered altar of Uskayaw.
  3126 | D:5      | Reached skill level 9 in Maces & Flails
  3126 | D:5      | Reached XP level 8. HP: 33/44 MP: 11/11
  3499 | D:6      | Found a sand-covered staircase.
  3504 | Ossuary  | Entered an ossuary
  3504 | Ossuary  | Noticed a wraith
  3504 | Ossuary  | Noticed a wraith
  3504 | Ossuary  | Noticed a wraith
  3568 | Ossuary  | Noticed a wraith
  3574 | Ossuary  | Killed a wraith
  3656 | Ossuary  | Reached skill level 10 in Maces & Flails
  3793 | D:6      | Found a bloodstained altar of Trog.
  4405 | D:7      | Found Magenep's Armour Shoppe.
  4414 | D:7      | Identified the +1 chain mail of Time Monsters {rCorr Int+4}
  4472 | D:7      | Reached skill level 11 in Maces & Flails
  4482 | D:7      | Reached XP level 9. HP: 48/48 MP: 12/12
  4878 | D:7      | Found a staircase to the Ecumenical Temple.
  4916 | D:7      | Reached skill level 12 in Maces & Flails
  4922 | D:7      | Slain by an orc wizard

Illustrated notes

Levels and vault maps discovered:
D:1:      dpeg_arrival_rhombus, layout_rooms
D:2:      layout_rooms, ebering_ecumenical_altar_mist
D:3:      layout_basic, amcnicky_altar_gilded, nicolae_overflow_hidden_temple,
          serial_shops, shop, kennysheep_generic_room_5
D:4:      layout_basic, uniq_menkaure, uniq_pargi
D:5:      layout_cave_pools, dancing_weapons_uskayaw, nicolae_titane
D:6:      layout_loops_cross, mainiacjoe_overflow_concentric_impassable,
          enter_ossuary_2
D:7:      layout_loops_ring, minmay_temple_entry_overgrown, serial_shops, shop,
          kennysheep_dice

Skill      XL: |  1  2  3  4  5  6  7  8  9 |
---------------+----------------------------+-----
Maces & Flails | 3 4 5 6 7 9 11 12 | 12.0
Fighting       | |  2.1
Throwing       | |  0.8
Armour         | |  1.1
Dodging        | |  1.5
Spellcasting   | |  2.0
Translocations | |  2.6

Action                     |  1- 3 |  4- 6 |  7- 9 || total
---------------------------+-------+-------+-------++-------
  Melee: Mace              |    97 |       |       ||    97
         Whip              |    24 |   105 |   347 ||   476
         Punch             |     1 |     2 |     1 ||     4
  Throw: Boomerang         |       |       |     1 ||     1
         Dart              |       |       |     7 ||     7
    Use: Scroll            |       |    13 |     2 ||    15
         Potion            |       |     1 |     6 ||     7
 Armour: Leather armour    |    37 |       |       ||    37
         Chain mail        |     9 |    35 |       ||    44
         Scale mail        |     1 |       |       ||     1
         Troll leather arm |       |    17 |   121 ||   138
         Skin              |       |       |    13 ||    13
  Dodge: Dodged            |    71 |    37 |   121 ||   229

Table legend: (Time is in decaauts)
 A = Elapsed time spent in this place.
 B = Non-inter-level travel time spent in this place.
 C = Inter-level travel time spent in this place.
 D = Time resting spent in this place.
 E = Time spent auto-exploring this place.
 F = Levels seen in this place.
 G = Mean time per level.
                   A        B        C        D        E       F      G
               +--------+--------+--------+--------+--------+-----+--------+
         Total |   4798 |   4547 |    251 |    174 |   3201 |   8 |  599.8 |
       Dungeon |   4609 |   4358 |    251 |    174 |   3108 |   7 |  658.4 |
       Ossuary |    189 |    189 |      0 |      0 |     93 |   1 |  189.0 |
               +--------+--------+--------+--------+--------+-----+--------+

Top non-repeatable levels by time:
     D:3: 1063 daAuts
     D:1: 705 daAuts
     D:6: 653 daAuts
     D:4: 607 daAuts
     D:7: 541 daAuts
     D:5: 521 daAuts
     D:2: 517 daAuts
 Ossuary: 189 daAuts
